 Dungeon Crawl Stone Soup version 0.30.1-11-g7821555f0a (webtiles) character file.

Game seed: 8650244867614436580

10 ChrisAssaf the Twirler (level 2, -2/22 HPs)
             Began as a Demonspawn Gladiator on Dec 3, 2023.
             Slain by a kobold
             ... wielding a +2 short sword of venom
              (3 damage)
             ... on level 1 of the Dungeon.
             The game lasted 00:00:40 (111 turns).

ChrisAssaf the Twirler (Demonspawn Gladiator)        Turns: 111, Time: 00:00:41

Health: -2/22      AC:  4    Str: 14    XL:     2   Next: 10%
Magic:  2/2        EV: 12    Int:  9    God:
Gold:   0          SH:  0    Dex: 14    Spells: 1/1 levels left

rFire   . . .        a - +0 quarterstaff
rCold   . . .        (shield currently unavailable)
rNeg    . . .        b - +0 leather armour
rPois   .            c - +0 helmet
rElec   .            (no cloak)
rCorr   .            (no gloves)
SInv    .            (no boots)
Will    .....        (no amulet)
Stlth   +            (no ring)
HPRegen 0.23/turn    (no ring)
MPRegen 0.08/turn

%: no passive effects
@: lethally poisoned (-2 -> -10)
A: claws 1
a: no special abilities


You were on level 1 of the Dungeon.
You visited 1 branch of the dungeon, and saw 1 of its levels.

Inventory:

Hand Weapons
 a - a +0 quarterstaff (weapon)
Missiles
 d - 3 throwing nets (quivered)
 e - a javelin
Armour
 b - a +0 leather armour (worn)
 c - a +0 helmet (worn)


   Skills:
 * Level 2.0 Fighting
 * Level 2.9 Staves
 * Level 1.8 Throwing
 * Level 0.3 Armour
 * Level 2.8 Dodging
 * Level 0.1 Stealth


You had one spell level left.
You didn't know any spells.
Your spell library was empty.

Dungeon Overview and Level Annotations

Branches:
Dungeon (1/15)

Altars:


Innate Abilities, Weirdness & Mutations

You have sharp fingernails.


Message History

a +0 short sword; a kobold corpse The kobold shouts!
The ball python bites you. The ball python closely misses you.
You hit the dart slug but do no damage. The ball python closely misses you.
The ball python barely misses you. The dart slug closely misses you.
The ball python bites you. The ball python grabs you.
The ball python constricts you.
You thump the dart slug!
The dart slug is severely wounded.
The kobold hits you but does no damage.
You are poisoned.
The ball python barely misses you. The ball python constricts you.
The dart slug barely misses you.
You hit the dart slug.
The dart slug is almost dead.
You feel sick. The ball python bites you. The ball python constricts you.
The kobold barely misses you. The dart slug barely misses you.
You hit the dart slug.
You kill the dart slug!
You feel sick.
The ball python bites you but does no damage.
The ball python constricts you. The kobold closely misses you.
The ball python bites you.
* * * LOW HITPOINT WARNING * * *
The ball python constricts you.
The kobold hits you with a +2 short sword of venom.
* * * LOW HITPOINT WARNING * * *
You are more poisoned.
You have reached level 2!
Your demonic ancestry asserts itself...
Your fingernails lengthen.
You aren't carrying any potions.
Unknown command.
You aren't carrying any scrolls.
Unknown command.
You escape the ball python's grasp.
* * * LOW HITPOINT WARNING * * *
You feel very sick.
The kobold hits you with a +2 short sword of venom.
You die...

........... >.
....#...... #.# ..
###.####### #.# ...
#....##########.##...
#...................!
##...............##
..................#
##................#
+..............@.#
#..............SK####.#
#########.#...).......#
#)#.....###.#..
#.#.....# .. #.#.$.....
.. #.#.##+##.# # #. .#
#. #


You could see a ball python and a kobold.

Vanquished Creatures
  A dart slug (D:1)
  An endoplasm (D:1)
  A hobgoblin (D:1)
  2 kobolds (D:1)
  A frilled lizard (D:1)
  2 rats (D:1)
8 creatures vanquished.

Notes
Turn   | Place    | Note
-------+----------+-------------------------------------------
     0 | D:1      | ChrisAssaf the Demonspawn Gladiator began the quest for the
                  | Orb.
     0 | D:1      | Reached XP level 1. HP: 16/16 MP: 1/1
   111 | D:1      | Gained mutation: You have sharp fingernails. [demonic
                  | ancestry]
   111 | D:1      | Reached XP level 2. HP: 4/22 MP: 2/2
   111 | D:1      | HP: 1/22 [poisoned by a kobold]
   111 | D:1      | Slain by a kobold

Illustrated notes

Levels and vault maps discovered:
D:1:      shiori_arrival_elements, layout_basic

Action                     || total
---------------------------++-------
  Melee: Quarterstaff      ||    19
 Armour: Leather armour    ||     6
  Dodge: Dodged            ||    20
